 Dungeon Crawl Stone Soup version 0.30-a0-949-g53dc5368d7 (webtiles) character file.

Game seed: 3801902329564807153

513407 cforsyth the Conqueror (level 26, -8/215 (242) HPs)
             Began as a Formicid Fighter on Mar 27, 2023.
             Was the Champion of Ru.
             Mangled by Tiamat
             ... wielding a +2 bardiche of venom
              (10 damage)
             ... on level 1 of the Realm of Zot.
             The game lasted 02:31:21 (94241 turns).

cforsyth the Conqueror (Formicid Fighter)          Turns: 94241, Time: 02:31:21

HP:   -8/215 (242)  AC: 57    Str: 32    XL:     26   Next: 41%
MP:   3/33          EV:  4    Int: 19    God:    Ru [******]
Gold: 5822          SH: 15    Dex: 18    Spells: 39/39 levels left

rFire   + . .      SeeInvis +    Y - +9 great mace (protect)
rCold   + . .      Faith    .    P - +2 kite shield {reflect}
rNeg    + + .      Spirit   .    D - +12 crystal plate armour "Baprevuj" {rElec rC+ Will+}
rPois   +          Reflect  +    (helmet unavailable)
rElec   +          Rampage  .    u - scarf of Plog {rC+ rF+, rElec Str+5 Int+4}
rCorr   .          NoCast   +    W - +3 Mad Mage's Maulers {Infuse+∞ VampMP -Cast}
Will    ++++.                    c - +0 pair of boots of the Special Ships {rF+ Will+ Str-5 Dex+5 Slay+3} Stlth
                                 S - amulet of regeneration
HPRegen 1.35/turn                N - +6 ring of strength
MPRegen 0.23/turn                p - ring of the Sky {rPois rN++ Str-4 Int+6}

@: mighty, lethally poisoned (-8 -> -23), exhausted, under a protective aura,
constricted, studying Long Blades, heavily drained, unable to read
A: permanent stasis, dig shafts and tunnels, antennae 3, dopey 1, inability to
read after injury 2, no stealth, inability to use devices, temperature
sensitive, four strong arms
}: 3/15 runes: decaying, silver, gossamer
a: Dig, Shaft Self, Renounce Religion, Draw Out Power, Power Leap, Apocalypse


You were on level 1 of the Realm of Zot.
You worshipped Ru.
Ru was exalted by your worship.
You visited 10 branches of the dungeon, and saw 45 of its levels.
You visited 1 bazaar.
You also visited: Trove.

You collected 8520 gold pieces.
You spent 2698 gold pieces at shops.

Inventory:

Hand Weapons
 a - a +3 eveningstar of draining
 b - the +3 greatsling "Punk" {acid, rCorr}
   (You found it on level 4 of the Swamp)

   rCorr:     It protects you from acid and corrosion.
 H - a +3 eveningstar of holy wrath
 Y - a +9 great mace of protection (weapon)
Missiles
 v - 2 throwing nets
Armour
 c - the +0 pair of boots of the Special Ships (worn) {rF+ Will+ Str-5 Dex+5 Slay+3}
   (You found it in a treasure trove)

   Str:       It affects your strength (-5).
   Dex:       It affects your dexterity (+5).
   Slay:      It affects your accuracy & damage with ranged weapons and melee
   (+3).
   rF:        It protects you from fire.
   Will:      It increases your willpower.
 q - a +1 cloak of preservation
 r - the +3 buckler of Kleptomania {rF+ Stlth+}
   (You found it in a treasure trove)

   rF:        It protects you from fire.
   Stlth:     It makes you more stealthy.
 u - the scarf of Plog (worn) {rC+ rF+, rElec Str+5 Int+4}
   (You acquired it on level 1 of the Depths)

   Str:       It affects your strength (+5).
   Int:       It affects your intelligence (+4).
   rElec:     It insulates you from electricity.
 B - a +3 scale mail of fire resistance
 D - the +12 crystal plate armour "Baprevuj" (worn) {rElec rC+ Will+}
   (You found it in a treasure trove)

   rC:        It protects you from cold.
   rElec:     It insulates you from electricity.
   Will:      It increases your willpower.
 P - a +2 kite shield of reflection (worn)
 Q - the +6 buckler of Tortured Knowledge {rPois Int+4}
   (You found it in a treasure trove)

   Int:       It affects your intelligence (+4).
   rPois:     It protects you from poison.
 U - the +1 pair of boots "Tabaawk" {rC+ Will- Str+6 SInv}
   (You found it in a treasure trove)

   Str:       It affects your strength (+6).
   rC:        It protects you from cold.
   SInv:      It lets you see invisible.
   Will:      It decreases your willpower.
 W - the +3 Mad Mage's Maulers (worn) {Infuse+∞ VampMP -Cast}
   (You found it in a treasure trove)

   Infuse+∞: It empowers its wearer's blows with all of their magic.
   VampMP:    Blows struck in melee replenish the wearer's magic.
   -Cast:     It prevents spellcasting.
 X - the +2 pair of gloves of the Arena {rPois Will+ Str+4 Dex+2}
   (You found it on level 4 of the Spider Nest)

   Str:       It affects your strength (+4).
   Dex:       It affects your dexterity (+2).
   rPois:     It protects you from poison.
   Will:      It increases your willpower.
Jewellery
 p - the ring of the Sky (right hand) {rPois rN++ Str-4 Int+6}
   (You bought it in a shop on level 1 of the Vaults)

   [ring of intelligence]

   Str:       It affects your strength (-4).
   Int:       It affects your intelligence (+6).
   rPois:     It protects you from poison.
   rN:        It greatly protects you from negative energy.
 x - a +4 ring of slaying
 y - a ring of protection from fire
 N - a +6 ring of strength (left hand)
 S - an amulet of regeneration (around neck)
 V - a ring of protection from fire
 Z - the ring of the Many Xalams {Fly Str+4}
   (You found it on level 1 of the Spider Nest)

   [ring of flight]

   Str:       It affects your strength (+4).
   Fly:       It grants you flight.
Scrolls
 f - 10 scrolls of fear
 g - 11 scrolls of enchant weapon
 i - 10 scrolls of immolation
 l - 3 scrolls of magic mapping
 t - 6 scrolls of fog
 w - 4 scrolls of silence
 C - 5 scrolls of vulnerability
 E - 4 scrolls of butterflies
 I - 7 scrolls of poison
 K - a scroll of enchant armour
 R - 5 scrolls of torment
Potions
 d - 6 potions of might
 e - 21 potions of curing
 h - 8 potions of lignification
 k - 9 potions of mutation
 m - 4 potions of flight
 o - 3 potions of cancellation
 z - 6 potions of attraction
 F - 4 potions of magic
 J - 13 potions of ambrosia
 L - 8 potions of invisibility
 T - 2 potions of resistance


   Skills:
 O Level 27 Fighting
 + Level 24.5 Maces & Flails
 + Level 26.7 Armour
 - Level 12.0 Shields
 - Level 7.0 Spellcasting


You had 39 spell levels left.
You didn't know any spells.
Your spell library contained the following spells:

 Spells                   Type           Power      Damage    Failure   Level
 Apportation              Tloc           12%        N/A       63%         1
 Beastly Appendage        Tmut           12%        N/A       63%         1
 Freeze                   Ice            24%        1d4       63%         1
 Kiss of Death            Conj/Necr      24%        2d7       63%         1
 Necrotise                Necr           24%        1d5       63%         1
 Shock                    Conj/Air       24%        1d4       63%         1
 Slow                     Hex            24%        N/A       63%         1
 Lesser Beckoning         Tloc           12%        N/A       77%         2
 Scorch                   Fire           12%        2d6       77%         2
 Sublimation of Blood     Necr           6%         N/A       77%         2
 Wereblood                Tmut           6%         N/A       77%         2
 Call Canine Familiar     Summ           6%         N/A       94%         3
 Confusing Touch          Hex            6%         N/A       94%         3
 Frozen Ramparts          Ice            12%        1d2       94%         3
 Gell's Gravitas          Tloc           6%         N/A       94%         3
 Hailstorm                Conj/Ice       6%         3d4       94%         3
 Inner Flame              Hex/Fire       6%         N/A       94%         3
 Kindle Blastsparks       Fire/Tloc/Air  12%        2d11      94%         3
 Ozocubu's Armour         Ice            6%         N/A       94%         3
 Portal Projectile        Hex/Tloc       12%        N/A       94%         3
 Spider Form              Tmut/Pois      6%         N/A       94%         3
 Summon Guardian Golem    Hex/Summ       6%         N/A       94%         3
 Teleport Other           Tloc           6%         N/A       94%         3
 Tukima's Dance           Hex            6%         N/A       94%         3
 Vampiric Draining        Necr           6%         2d6       94%         3
 Airstrike                Air            3%         2d(1-17)  100%        4
 Anguish                  Hex/Necr       3%         N/A       100%        4
 Animate Armour           Summ/Erth      12%        N/A       100%        4
 Cause Fear               Hex            3%         N/A       100%        4
 Dispel Undead            Necr           6%         3d8       100%        4
 Flame Wave               Conj/Fire      6%         2d5       100%        4
 Fulminant Prism          Conj/Hex       3%         3d5       100%        4
 Iskenderun's Mystic Bla  Conj/Tloc      6%         2d4       100%        4
 Leda's Liquefaction      Hex/Erth       3%         N/A       100%        4
 Manifold Assault         Tloc           6%         N/A       100%        4
 Olgreb's Toxic Radiance  Pois           6%         N/A       100%        4
 Passage of Golubria      Tloc           6%         N/A       100%        4
 Petrify                  Tmut/Erth      6%         N/A       100%        4
 Sticky Flame             Conj/Fire      6%         2d3       100%        4
 Summon Ice Beast         Ice/Summ       6%         N/A       100%        4
 Agony                    Necr           6%         N/A       100%        5
 Blade Hands              Tmut           3%         N/A       100%        5
 Fireball                 Conj/Fire      3%         3d4       100%        5
 Freezing Cloud           Conj/Ice/Air   3%         6-21      100%        5
 Irradiate                Conj/Tmut      3%         3d12      100%        5
 Iskenderun's Battlesphe  Conj           6%         2d6       100%        5
 Lee's Rapid Deconstruct  Erth           3%         3d5*      100%        5
 Metabolic Englaciation   Hex/Ice        3%         N/A       100%        5
 Silence                  Hex/Air        3%         N/A       100%        5
 Summon Forest            Summ/Tloc      3%         N/A       100%        5
 Summon Mana Viper        Hex/Summ       6%         N/A       100%        5
 Yara's Violent Unravell  Hex/Tmut       3%         3d4       100%        5
 Conjure Ball Lightning   Conj/Air       3%         3x3d6     100%        6
 Dispersal                Tloc           3%         N/A       100%        6
 Eringya's Noxious Bog    Tmut/Pois      3%         N/A       100%        6
 Iron Shot                Conj/Erth      3%         9d2       100%        6
 Simulacrum               Ice/Necr       3%         N/A       100%        6
 Statue Form              Tmut/Erth      4%         N/A       100%        6
 Summon Cactus Giant      Summ           3%         N/A       100%        6
 Enfeeble                 Hex            3%         N/A       100%        7
 Monstrous Menagerie      Summ           3%         N/A       100%        7
 Orb of Destruction       Conj           3%         9d5       100%        7
 Ozocubu's Refrigeration  Ice            3%         4d8       100%        7
 Spellforged Servitor     Conj/Summ      3%         N/A       100%        7
 Summon Hydra             Summ           3%         N/A       100%        7
 Discord                  Hex            3%         N/A       100%        8
 Disjunction              Tloc           3%         N/A       100%        8
 Ignition                 Fire           3%         3d4       100%        8
 Lehudib's Crystal Spear  Conj/Erth      3%         10d2      100%        8
 Polar Vortex             Ice            3%         N/A       100%        9
 Shatter                  Erth           3%         3d7*      100%        9
 Blink                    Tloc           Unusable   N/A       N/A         2
 Swiftness                Air            Unusable   N/A       N/A         3

Dungeon Overview and Level Annotations

Branches:
Dungeon (15/15)            Temple (1/1) D:7            Lair (5/5) D:9
  Swamp (4/4) Lair:3       Spider (4/4) Lair:2        Slime (0/5) Lair:5
    Orc (2/2) D:11            Elf (3/3) Orc:2        Vaults (5/5) D:13
  Crypt (0/3) Vaults:3     Depths (4/4) D:15            Zot (2/5) Depths:4

Altars:
Ashenzari
Cheibriados
Dithmenos
Elyvilon
Fedhas
Gozag
Hepliaklqana
Kikubaaqudgha
Makhleb
Nemelex Xobeh
Okawaru
Qazlal
Ru
Sif Muna
Trog
Uskayaw
Vehumet
Wu Jian
Xom
Yredelemnul
Zin
The Shining One
Jiyva

Shops:
D:4 [[*[   D:6 ?(?   D:10 (*(   D:14 *   Orc:2 **(!   Elf:1 (   Vaults:1 =
Vaults:2 (=   Vaults:3 (*:   Vaults:5 :*   Depths:1 (   Depths:3 *

Portals:
Hell: Depths:1 Depths:2 Depths:3 Depths:4
Abyss: Depths:1 Depths:2 Depths:3
Pandemonium: Depths:1 Depths:2
Ziggurat: Depths:1

Annotations:
Zot:1 Tiamat


Innate Abilities, Weirdness & Mutations

You cannot be hasted, slowed, berserked, paralysed or teleported.
You can dig through walls and to a lower floor.
You have a pair of large antennae on your head. (SInv)
You are dopey. (Int -2)
You sometimes lose the ability to read scrolls when taking damage.
You cannot be stealthy.
You cannot study or use magical devices.
You are sensitive to extremes of temperature. (rF-, rC-)
Your four strong arms can wield two-handed weapons with a shield.


Message History

* * * LOW HITPOINT WARNING * * *
Tiamat is stunned by your conviction and fails to attack.
You feel much better.
You feel sick.
Tiamat hits you with a +2 bardiche of venom!
* * * LOW HITPOINT WARNING * * *
You are more poisoned.
Tiamat tail-slaps you but does no damage.
You redirect the tentacled monstrosity's attack!
The tentacled monstrosity tentacle-slaps itself!
The tentacled monstrosity tentacle-slaps itself. x2
The tentacled monstrosity constricts you.
You feel much better.
You feel very sick. You block Tiamat's attack. Tiamat tail-slaps you!!
* * * LOW HITPOINT WARNING * * *
You block the tentacled monstrosity's attack.
The tentacled monstrosity tentacle-slaps you but does no damage. x2
The tentacled monstrosity constricts you.
You redirect Tiamat's attack!
Tiamat hits herself with a +2 bardiche of venom!!
Tiamat tail-slaps herself!
You feel very mighty all of a sudden.
You feel very sick.
Tiamat hits you with a +2 bardiche of venom.
* * * LOW HITPOINT WARNING * * *
You are more poisoned.
Tiamat completely misses you.
You redirect the tentacled monstrosity's attack!
The tentacled monstrosity tentacle-slaps itself. x3
The tentacled monstrosity constricts you!
* * * LOW HITPOINT WARNING * * *
You bludgeon Tiamat!!
Your weapon exudes an aura of protection.
Tiamat is severely wounded.
You feel very sick.
Tiamat hits you with a +2 bardiche of venom!!!
* * * LOW HITPOINT WARNING * * *
You are more poisoned.
Tiamat tail-slaps you!
You die...

#...................########.###.
#...................'.........##.
#...................########..##.
'...................# ####..##.
#.........######'#### #........
#.........# #.# #.###.###
#####'##### #.########.###.###
..).#.# #d#...............
###)#.# #@#.######.####### #.#.#
#X#.# #.# ## #.#.# #...# #.# #.
#...# ###.# #.# #####
#.##############.######.###....
#...........:........##.##....#
################.###....#....#.
#.# #.####...#.. #.###.###(..#...


You could see Tiamat (berserk) and a tentacled monstrosity.

Vanquished Creatures
  An ancient lich (Vaults:4)
  Mara (Depths:3)
  Boris (Depths:4)
  the Lernaean hydra (Swamp:4)
  Bai Suzhen (Vaults:5)
  Saint Roka (Depths:3)
  The ghost of themarg the Convoker, a veteran MfSu of Gozag (Depths:4)
  Jory (Depths:4)
  3 golden dragons
  An electric golem (Zot:1)
  7 tentacled monstrosities
  Jorgrun (D:14)
  6 liches
  A titan (Vaults:5)
  A deep elf master archer (Elf:3)
  3 quicksilver dragons
  2 walking frostbound tomes (Depths:4)
  Asterion (Elf:2)
  5 deep elf blademasters
  A sphinx (Vaults:4)
  A death cob (Zot:1)
  Kirke (D:13)
  4 shadow dragons
  6 tengu reavers
  The ghost of Wale the Gelid, an adept DrIE of Vehumet (Spider:2)
  Gastronok (D:8)
  9 storm dragons
  11 fire giants
  A thorn hunter (Swamp:3)
  Roxanne (Swamp:3)
  2 draconian monks
  The ghost of Voejil the Executioner, a journeyman MiFi of Okawaru (Swamp:1)
  7 frost giants
  4 draconian knights
  Donald (Swamp:2)
  The ghost of Oplaoff the Fighter, a journeyman MiFi of Okawaru (Spider:2)
  8 emperor scorpions
  8 deep elf sorcerers
  Aizul (Swamp:4)
  3 ghost moths
  2 iron dragons
  The ghost of Faecsedgh the Brawler, a journeyman TrBe of Trog (Spider:3)
  Louise (Swamp:3)
  4 ghouls (Swamp:4)
  A draconian stormcaller (Depths:4)
  2 draconian shifters
  9 vault wardens
  8 deep elf elementalists
  2 draconian annihilators
  27 very ugly things
  2 spriggan defenders (Depths:4)
  15 stone giants
  A juggernaut skeleton (Depths:2)
  19 ironbound preservers
  4 war gargoyles
  7 ironbound thunderhulks
  An ophan (Depths:2)
  5 green draconians
  The ghost of Shard1697 the Bludgeoner, a journeyman DsFi of Hepliaklqana (Spider:1)
  3 eleionomae
  3 black draconians
  A vampire knight (Depths:2)
  10 deep elf annihilators
  6 deep elf demonologists
  Azrael (Elf:2)
  4 red draconians
  3 yellow draconians (Zot:1)
  20 dire elephants
  9 bunyips
  2 purple draconians
  9 spark wasps
  4 white draconians
  A blizzard demon (Depths:2)
  12 ettins
  10 deep elf death magi
  9 deep elf high priests
  7 fire dragons
  6 crystal guardians
  9 great orbs of eyes
  16 yaktaur captains
  Josephine (D:13)
  33 vault guards
  5 entropy weavers
  6 ice dragons
  4 spriggan air magi
  7 rakshasas
  2 salamander tyrants (Depths:4)
  17 hydras
  Erolcha (D:13)
  2 ghost crabs (Swamp:2)
  A peacekeeper (Vaults:3)
  2 jorogumos
  9 ironbound frosthearts
  3 radroaches
  23 dancing weapons
  A death scarab (Spider:3)
  8 death yaks
  6 two-headed ogres
  7 alligators
  10 centaur warriors
  4 deep troll shamans
  9 deep troll earth magi
  5 tengu warriors
  9 boulder beetles
  Urug (Orc:2)
  6 spriggan berserkers
  A vampire mage (Depths:3)
  A spectral emperor scorpion (Spider:3)
  4 orc high priests
  A soul eater (Depths:2)
  3 hell knights
  14 deep elf knights
  Amaemon (D:8)
  8 pharaoh ants
  A skyshark (Lair:5)
  2 salamander mystics (Depths:4)
  4 goliath frogs (Swamp:1)
  A spectral ghost moth (Spider:3)
  4 glowing orange brains
  8 spriggan druids
  43 deep trolls
  17 swamp dragons
  A deep troll (shapeshifter) (Vaults:5)
  7 bog bodies
  9 lindwurms
  7 orc knights
  A shadow dragon zombie (Depths:2)
  11 orb spiders
  2 spectral wolf spiders (Spider:3)
  13 deep elf archers
  8 wizards
  7 steelbarb worms
  2 necromancers
  A phantasmal warrior (Vaults:4)
  47 ugly things
  37 deep elf pyromancers
  18 ironbound convokers
  34 deep elf zephyrmancers
  10 salamanders (Depths:4)
  3 cyclopes
  18 wolf spiders
  2 manticores
  6 orc sorcerers
  A shining eye (Depths:2)
  2 will-o-the-wisps (Swamp:3)
  The ghost of hgbash the Sneak, a novice OpCj of Vehumet (D:5)
  Maurice (D:9)
  A cyclops (shapeshifter) (D:15)
  5 moths of wrath
  A rust devil (Depths:2)
  24 elephants
  5 eyes of devastation (Depths:2)
  A black mamba (shapeshifter) (Depths:4)
  5 black mambas
  17 vault sentinels
  4 molten gargoyles
  7 demonic crawlers
  16 cane toads
  4 torpor snails
  2 emperor scorpion simulacra (Spider:3)
  2 orange demons
  6 rime drakes
  6 komodo dragons
  2 efreet (D:13)
  Maggie (D:10)
  Psyche (D:7)
  2 kobold demonologists
  35 yaktaurs
  4 tengu conjurers
  4 unseen horrors
  A guardian mummy (D:10)
  A spriggan skeleton (Depths:2)
  A freezing wraith (Vaults:5)
  2 merfolk (shapeshifter)
  An ice devil (Depths:2)
  2 bloated husks (Swamp:4)
  3 polar bears
  11 trolls
  16 hornets
  3 meliai (Spider:1)
  A meliai (shapeshifter) (D:13)
  A tarantella (shapeshifter) (D:13)
  Grinder (D:5)
  2 wolf spider simulacra (Spider:3)
  19 tarantellas
  Prince Ribbit (D:5)
  7 dream sheep (Lair:5)
  9 tyrant leeches
  17 blink frogs
  A dream sheep (shapeshifter) (Depths:3)
  38 jumping spiders
  22 slime creatures
  A vampire (D:14)
  26 culicivoras
  3 shadows
  2 air elementals
  22 spriggans
  5 water elementals
  A yak (shapeshifter) (Elf:2)
  A culicivora (shapeshifter) (Vaults:5)
  7 wraiths
  2 wyverns
  10 fire elementals
  2 hogs (D:13)
  50 yaks
  A chaos spawn (Depths:2)
  A redback (shapeshifter) (D:13)
  3 basilisks
  A golden eye (Depths:2)
  14 vampire mosquitoes
  40 redbacks
  6 wargs
  2 steam dragons
  Menkaure (D:3)
  20 swamp worms
  Edmund (D:4)
  An acid dragon (D:12)
  Duvessa (D:4)
  2 floating eyes
  17 water moccasins
  12 swamp drakes
  34 orc warriors
  6 ice beasts
  A spriggan simulacrum (Depths:2)
  6 black bears
  8 ogres
  6 wolves (Lair:5)
  5 boggarts (D:15)
  10 centaurs
  A phantom (D:6)
  15 bullfrogs
  6 kobold brigands
  2 earth elementals (Elf:3)
  2 scorpions
  4 wights (D:8)
  3 entropy weaver simulacra (Spider:3)
  Dowan (D:4)
  An electric eel (Lair:3)
  7 howler monkeys
  5 jellies
  2 hounds (D:6)
  18 orc priests
  2 gnoll boudas
  Crazy Yiuf (D:5)
  A sleepcap (D:5)
  Jessica (D:2)
  13 iguanas
  Terence (D:3)
  Ijyb (D:5)
  31 orc wizards
  A hell rat (D:9)
  12 gnolls
  11 adders
  2 shadow imps (D:6)
  A white imp (D:7)
  5 worms
  A dart slug (D:2)
  77 orcs
  7 ball pythons
  8 endoplasms
  4 giant cockroaches
  A giant cockroach (shapeshifter) (Vaults:5)
  6 goblins
  9 hobgoblins
  6 jackals (D:2)
  30 kobolds
  6 quokkas
  5 bats
  4 frilled lizards
  4 rats
  2 briar patches (Swamp:3)
1879 creatures vanquished.

Vanquished Creatures (others)
  the Enchantress (Depths:4)
  A storm dragon (Depths:3)
  A spriggan defender (Depths:4)
  A deep elf annihilator (Elf:2)
  A yaktaur captain (Vaults:1)
  2 pharaoh ants
  A deep troll (Vaults:3)
  A deep elf pyromancer (Elf:1)
  A deep elf zephyrmancer (Elf:3)
  A salamander (Depths:4)
  A moth of wrath (Spider:2)
  A demonic crawler (Spider:3)
  A yaktaur (Vaults:2)
  A slime creature (Vaults:3)
  A culicivora (Spider:2)
  A spriggan (Swamp:3)
  3 humans (D:13)
  2 golden eyes (Depths:2)
  A redback (Spider:2)
  A centaur (D:13)
  An orc priest (Vaults:5)
  2 orc wizards (D:13)
  An orc (Vaults:5)
  A kobold (D:10)
  2 briar patches (Swamp:3)
  A bush (Lair:4)
  4 foxfires (Swamp:3)
  24 fungi
  53 plants
  2 withered plants (Depths:4)
115 creatures vanquished.

Grand Total: 1994 creatures vanquished

Notes
Turn   | Place    | Note
-------+----------+-------------------------------------------
     0 | D:1      | cforsyth the Formicid Fighter began the quest for the Orb.
     0 | D:1      | Reached XP level 1. HP: 18/18 MP: 1/1
   174 | D:1      | Reached XP level 2. HP: 24/24 MP: 2/2
   443 | D:1      | Found a faded altar of an unknown god.
   797 | D:2      | Reached XP level 3. HP: 29/29 MP: 3/3
  1042 | D:2      | Reached XP level 4. HP: 32/37 MP: 4/4
  1508 | D:2      | Noticed Jessica
  1523 | D:2      | Killed Jessica
  1524 | D:2      | Reached skill level 4 in Fighting
  1882 | D:2      | Reached XP level 5. HP: 22/42 MP: 5/5
  1974 | D:2      | Reached skill level 5 in Shields
  2042 | D:3      | Found a snail-covered altar of Cheibriados.
  2291 | D:3      | Noticed Terence
  2302 | D:3      | Killed Terence
  2427 | D:3      | Found a bloodstained altar of Trog.
  2606 | D:4      | Noticed Duvessa
  2607 | D:4      | Noticed Dowan
  2673 | D:4      | Reached XP level 6. HP: 49/49 MP: 6/6
  2705 | D:4      | Found Orghuona's Armour Emporium.
  2712 | D:4      | Noticed an ice beast
  2725 | D:4      | Killed an ice beast
  2726 | D:4      | Reached skill level 5 in Fighting
  2744 | D:4      | Noticed Menkaure
  2943 | D:3      | Killed Menkaure
  2944 | D:3      | Reached XP level 7. HP: 21/56 MP: 7/7
  3495 | D:4      | Found Fun Der's Antique Armour Shoppe.
  3681 | D:4      | Found a white marble altar of Elyvilon.
  3708 | D:3      | Reached skill level 6 in Fighting
  3708 | D:3      | Reached skill level 5 in Maces & Flails
  3955 | D:4      | Killed Duvessa
  3956 | D:4      | Reached XP level 8. HP: 37/65 MP: 8/8
  4069 | D:4      | Killed Dowan
  4232 | D:4      | Found Yruebiv's General Store.
  4246 | D:4      | Found Rurghupt's Antique Armour Emporium.
  4379 | D:5      | Entered Level 5 of the Dungeon
  4400 | D:5      | Noticed Edmund
  4433 | D:4      | Killed Edmund
  4434 | D:4      | Reached skill level 7 in Fighting
  4656 | D:5      | Noticed Grinder
  4670 | D:5      | Killed Grinder
  4671 | D:5      | Reached skill level 8 in Fighting
  4728 | D:5      | Found a transporter.
  4736 | D:5      | Noticed hgbash's ghost (novice OpCj)
  4774 | D:5      | Found a transporter.
  4860 | D:5      | Reached XP level 9. HP: 52/75 MP: 9/9
  4992 | D:5      | Noticed Prince Ribbit
  5007 | D:5      | Killed Prince Ribbit
  5183 | D:5      | Found a runed translucent door.
  5184 | D:5      | Noticed Crazy Yiuf
  5244 | D:5      | Noticed Ijyb
  5251 | D:5      | Killed Ijyb
  5265 | D:5      | Reached skill level 9 in Fighting
  5423 | D:5      | Killed Crazy Yiuf
  5887 | D:6      | Found Yrchemout's Magic Scroll Emporium.
  5896 | D:6      | Reached skill level 10 in Fighting
  5910 | D:6      | Found a glowing golden altar of the Shining One.
  6366 | D:6      | Reached XP level 10. HP: 86/86 MP: 10/10
  6385 | D:6      | Found Meoceoho's Weapon Shoppe.
  6488 | D:6      | Found Xolok's Magic Scroll Shoppe.
  6561 | D:6      | Found a hide-covered altar of Uskayaw.
  6561 | D:6      | Found a hazy altar of Hepliaklqana.
  6617 | D:7      | Found a staircase to the Ecumenical Temple.
  6633 | Temple   | Entered the Ecumenical Temple
  6633 | Temple   | Noticed an Executioner
  6727 | Temple   | Noticed an ice devil
  6727 | Temple   | Noticed Moyhor the pandemonium lord
  6727 | Temple   | Noticed Qocohacser the pandemonium lord
  6728 | Temple   | Noticed a hell beast
  6728 | Temple   | Noticed a Brimstone Fiend
  6729 | Temple   | Noticed Mimnut the pandemonium lord
  6730 | Temple   | Noticed a smoke demon
  6771 | Temple   | Noticed Xofel the pandemonium lord
  6788 | Temple   | Noticed an Executioner
  6788 | Temple   | Noticed Pazoenod the pandemonium lord
  6817 | Temple   | Noticed Nadaimm the pandemonium lord
  6830 | Temple   | Became a worshipper of Ru the Awakened
  6898 | D:7      | Found a blossoming altar of Fedhas.
  6930 | D:7      | Reached skill level 11 in Fighting
  6939 | D:7      | Reached skill level 10 in Maces & Flails
  7593 | D:7      | Found a shimmering altar of Xom.
  8094 | D:8      | Noticed Gastronok
  8138 | D:8      | Killed Gastronok
  8383 | D:8      | Reached skill level 12 in Fighting
  8518 | D:8      | Noticed Psyche
  8555 | D:7      | Killed Psyche
  8556 | D:7      | Reached XP level 11. HP: 36/95 MP: 11/11
  8986 | D:8      | Noticed Amaemon
  9016 | D:8      | Killed Amaemon
  9311 | D:8      | Found an ancient bone altar of Kikubaaqudgha.
  9431 | D:8      | Gained mutation: You cannot study or use magical devices.
                  | [Ru sacrifice]
  9431 | D:8      | Reached * piety under Ru
  9431 | D:8      | Reached ** piety under Ru
  9487 | D:8      | Reached skill level 13 in Fighting
 11098 | D:9      | Found a staircase to the Lair.
 11100 | D:9      | Noticed a death yak
 11101 | D:9      | Noticed a death yak
 11102 | D:9      | Noticed a death yak
 11118 | D:9      | You fall into a shaft and drop 3 floors!
 11536 | D:12     | Reached skill level 14 in Fighting
 11550 | D:12     | Noticed a two-headed ogre
 11570 | D:12     | Killed a two-headed ogre
 11571 | D:12     | Reached XP level 12. HP: 67/107 MP: 12/12
 12067 | D:11     | Noticed a two-headed ogre
 12078 | D:11     | Killed a two-headed ogre
 12162 | D:10     | Entered Level 10 of the Dungeon
 12162 | D:10     | Found Senod's Antique Weapon Shoppe.
 12286 | D:11     | Identified a scroll of acquirement
 12287 | D:11     | Acquired a +3 eveningstar of draining
 12431 | D:10     | Found a sparkling altar of Nemelex Xobeh.
 12465 | D:10     | Found Xicupo's Changing Room.
 12539 | D:10     | Found Redghair's Weapon Emporium.
 12651 | D:9      | Noticed Maurice
 12661 | D:9      | Killed Maurice
 12756 | D:9      | Noticed a two-headed ogre
 12759 | D:9      | Killed a two-headed ogre
 12824 | D:9      | You fall into a shaft and drop 3 floors!
 12855 | D:12     | Reached skill level 15 in Fighting
 13450 | D:11     | Noticed a centaur warrior
 13457 | D:11     | Killed a centaur warrior
 13662 | D:11     | Found a staircase to the Orcish Mines.
 14023 | D:10     | Found a portal to a secret trove of treasure.
 14258 | D:10     | Noticed Maggie
 14265 | D:10     | Killed Maggie
 14266 | D:10     | Reached skill level 16 in Fighting
 14520 | D:9      | Killed a death yak
 14521 | D:9      | Reached XP level 13. HP: 114/118 MP: 13/13
 14949 | D:9      | Reached skill level 5 in Armour
 16278 | Lair:1   | Entered Level 1 of the Lair of Beasts
 17040 | Lair:2   | Acquired 982 gold pieces
 17129 | Lair:2   | Reached skill level 10 in Shields
 17425 | D:4      | Bought the +0 pair of fencer's gloves {Riposte Dex+3} for
                  | 1160 gold pieces
 17425 | D:4      | Found the +0 pair of fencer's gloves {Riposte Dex+3}
 17425 | D:4      | Bought a twisted chain mail for 275 gold pieces
 17425 | D:4      | Identified the +0 chain mail of Dearybal {Str+2 Dex+3} (You
                  | bought it in a shop on level 4 of the Dungeon)
 17586 | D:10     | You paid a toll of fencer's gloves to enter a treasure
                  | trove
 17587 | Trove    | Entered a treasure trove
 17591 | Trove    | Identified the +3 buckler of Kleptomania {rF+ Stlth+}
 17604 | Trove    | Identified the +0 pair of boots of the Special Ships {rF+
                  | Will+ Str-5 Dex+5 Slay+3}
 17617 | Trove    | Identified the +12 crystal plate armour "Baprevuj" {rElec
                  | rC+ Will+}
 17635 | Trove    | Identified the +6 buckler of Tortured Knowledge {rPois
                  | Int+4}
 17647 | Trove    | Identified the +1 leather armour "Juschiss" {rElec Regen+
                  | Int+4 Dex+2}
 17648 | Trove    | Identified the scarf "Kiusifoa" {shadows, Harm Will+ rCorr
                  | Stlth+}
 17655 | Trove    | Identified the +0 chain mail "Irayriut" {rElec Int+3}
 17659 | Trove    | Identified the +1 pair of boots "Tabaawk" {rC+ Will- Str+6
                  | SInv}
 17661 | Trove    | Found the +3 Mad Mage's Maulers {Infuse+∞ VampMP -Cast}
 17664 | Trove    | Identified the scarf of the Gate {repulsion, rN+ Int+5
                  | Dex-3}
 17666 | Trove    | Identified the +4 ring mail "Qockia" {Int+4}
 17857 | Lair:2   | Found a hole to the Spider Nest.
 17891 | Lair:2   | Noticed a seven-headed hydra
 17896 | Lair:2   | Killed a seven-headed hydra
 18807 | Lair:2   | Reached XP level 14. HP: 121/126 MP: 2/14
 18926 | Lair:3   | Reached skill level 10 in Armour
 19777 | Lair:3   | Reached skill level 15 in Maces & Flails
 20777 | Lair:3   | Found the +8 whip "Snakebite" {venom, curare, rPois}
 20931 | Lair:3   | Found a staircase to the Swamp.
 21137 | Lair:4   | Gained mutation: You are sensitive to extremes of
                  | temperature. (rF-, rC-) [Ru sacrifice]
 21137 | Lair:4   | Reached *** piety under Ru
 21137 | Lair:4   | Reached **** piety under Ru
 21345 | Lair:4   | Reached XP level 15. HP: 111/132 MP: 5/15
 22249 | Lair:5   | Entered Level 5 of the Lair of Beasts
 22380 | Lair:5   | Found a viscous altar of Jiyva.
 22380 | Lair:5   | Found a staircase to the Slime Pits.
 24633 | Lair:5   | Gained mutation: You are dopey. (Int -2) [Ru sacrifice]
 24633 | Lair:5   | Reached ***** piety under Ru
 25125 | Orc:1    | Entered Level 1 of the Orcish Mines
 25306 | Orc:1    | Reached skill level 15 in Armour
 25495 | Orc:2    | Entered Level 2 of the Orcish Mines
 25766 | Orc:2    | Noticed Urug
 25771 | Orc:2    | Killed Urug
 26006 | Orc:2    | Found a staircase to the Elven Halls.
 27581 | Orc:2    | Found Fuelepp's Distillery.
 27588 | Orc:2    | Found Vumec Pucs's Assorted Antiques.
 27590 | Orc:2    | Found Keczilek's Assorted Antiques.
 27590 | Orc:2    | Found Ontall's Weapon Shoppe.
 27759 | D:13     | Noticed Erolcha
 27765 | D:13     | Killed Erolcha
 27905 | D:13     | Reached XP level 16. HP: 115/139 MP: 4/16
 28220 | D:13     | Identified the +8 trident of Voracious Defiance {drain,
                  | Will+ rCorr}
 28527 | D:13     | Noticed Josephine
 28533 | D:13     | Killed Josephine
 29600 | D:13     | Noticed Kirke
 29610 | D:13     | Killed Kirke
 29712 | D:13     | Found a gate to the Vaults.
 31007 | D:14     | Noticed Jorgrun
 31016 | D:14     | Killed Jorgrun
 31402 | D:14     | Found Ystidar's General Store.
 31791 | D:15     | Entered Level 15 of the Dungeon
 31924 | D:15     | Acquired 972 gold pieces
 32646 | D:15     | Found a staircase to the Depths.
 32878 | D:15     | Reached XP level 17. HP: 145/145 MP: 0/17
 33267 | Spider:1 | Entered Level 1 of the Spider Nest
 33280 | Spider:1 | Gained mutation: You occasionally lose the ability to read
                  | scrolls when taking damage. [Ru sacrifice]
 33280 | Spider:1 | Gained mutation: You sometimes lose the ability to read
                  | scrolls when taking damage. [Ru sacrifice]
 34071 | Spider:1 | Identified the +6 mace "Gecinn" {heavy, rC- Will+ rCorr}
 35268 | Spider:1 | Found a large runed translucent door.
 35268 | Spider:1 | Found a large runed translucent door.
 35307 | Spider:1 | Noticed Shard1697's ghost (journeyman DsFi)
 35881 | Spider:2 | Found a runed translucent gate.
 35881 | Spider:2 | Found a runed translucent gate.
 35884 | Spider:2 | Found a runed translucent gate.
 35885 | Spider:2 | Noticed Oplaoff's ghost (journeyman MiFi)
 35886 | Spider:2 | Noticed Wale's ghost (adept DrIE)
 36487 | Spider:2 | Killed Oplaoff's ghost
 36491 | Spider:2 | Killed Wale's ghost
 36664 | Spider:3 | Gained mutation: You cannot be stealthy. [Ru sacrifice]
 36664 | Spider:3 | Reached ****** piety under Ru
 36701 | Spider:3 | Reached skill level 1 in Spellcasting
 37263 | Spider:3 | Found a transporter.
 37266 | Spider:3 | Noticed Faecsedgh's ghost (journeyman TrBe)
 37404 | Spider:3 | Found a transporter.
 37895 | Spider:3 | Reached XP level 18. HP: 153/153 MP: 4/22
 39427 | D:14     | Bought a scroll of brand weapon for 142 gold pieces
 39793 | D:5      | Killed hgbash's ghost
 40115 | Swamp:1  | Entered Level 1 of the Swamp
 40301 | Spider:1 | Killed Shard1697's ghost
 40311 | Spider:1 | Identified the ring of the Many Xalams {Fly Str+4}
 40535 | Spider:4 | Entered Level 4 of the Spider Nest
 40786 | Spider:4 | Reached skill level 17 in Fighting
 41275 | Spider:4 | Identified the +1 scale mail of Altruism {+Blink rElec rC-}
 41692 | Spider:4 | Identified the +3 spear "Pendulum" {freeze, rElec Dex+3}
 42207 | Spider:4 | Reached skill level 5 in Spellcasting
 42238 | Spider:4 | Found the amulet of the Air {Inacc Air Fly rElec RMsl}
 43384 | Spider:4 | Got a gossamer rune of Zot
 43394 | Spider:4 | Identified the +2 pair of gloves of the Arena {rPois Will+
                  | Str+4 Dex+2}
 44039 | Swamp:1  | Reached skill level 18 in Fighting
 44578 | Swamp:1  | Found a runed translucent door.
 44580 | Swamp:1  | Noticed Voejil's ghost (journeyman MiFi)
 44581 | Swamp:1  | Noticed a tentacled monstrosity
 45349 | Swamp:1  | Killed a tentacled monstrosity
 45362 | Swamp:1  | Killed Voejil's ghost
 45554 | Swamp:2  | Reached XP level 19. HP: 147/164 MP: 1/26
 45864 | Swamp:2  | Noticed Donald
 45875 | Swamp:2  | Killed Donald
 47320 | Swamp:3  | Noticed Roxanne
 47343 | Swamp:3  | Killed Roxanne
 47618 | Swamp:3  | Noticed Louise
 47624 | Swamp:3  | Killed Louise
 47625 | Swamp:3  | Reached skill level 19 in Fighting
 49437 | Swamp:4  | Entered Level 4 of the Swamp
 49461 | Swamp:4  | Found the +3 greatsling "Punk" {acid, rCorr}
 49793 | Swamp:4  | Noticed Aizul
 49803 | Swamp:4  | Killed Aizul
 50378 | Swamp:4  | Noticed the 27-headed Lernaean hydra
 50389 | Swamp:4  | Killed the 27-headed Lernaean hydra
 50824 | Swamp:4  | Reached skill level 20 in Fighting
 51373 | Swamp:4  | Reached XP level 20. HP: 176/176 MP: 3/27
 51797 | Swamp:4  | Got a decaying rune of Zot
 52330 | Vaults:1 | Entered Level 1 of the Vaults
 54008 | Vaults:1 | Reached skill level 21 in Fighting
 54451 | Vaults:1 | Found Zighooso's Jewellery Emporium.
 54466 | Vaults:1 | You fall into a shaft and drop 1 floor!
 55636 | Vaults:2 | Found Aryboj's Jewellery Shop.
 55942 | Vaults:2 | Reached skill level 22 in Fighting
 56976 | Vaults:2 | Reached XP level 21. HP: 162/190 MP: 5/28
 57347 | Vaults:2 | Found Sugywk's Weapon Emporium.
 58634 | Vaults:3 | Reached skill level 23 in Fighting
 58821 | Vaults:3 | Found a staircase to the Crypt.
 59570 | Vaults:3 | Found Unabb's Weapon Shop.
 59859 | Vaults:3 | Identified the +9 arbalest of Cowardice {drain, rN+ Stlth+}
 60031 | Vaults:3 | Found Dacrum's Book Boutique.
 60297 | Vaults:3 | Found Syfo's Assorted Antiques.
 60321 | Vaults:3 | Reached skill level 24 in Fighting
 60433 | Vaults:3 | Bought an encrusted dire flail for 234 gold pieces
 60433 | Vaults:3 | Identified the +1 dire flail "Jerych" {freeze, rElec rCorr
                  | Str+3} (You bought it in a shop on level 3 of the Vaults)
 62358 | Vaults:4 | Reached skill level 25 in Fighting
 62371 | Vaults:4 | Reached XP level 22. HP: 197/206 MP: 0/29
 62666 | Vaults:4 | Identified the +1 chain mail "Foywk" {MP-9 Int+5 Dex+3}
 64829 | Elf:1    | Entered Level 1 of the Elven Halls
 65209 | Elf:1    | Found Pickedo's Weapon Shoppe.
 65470 | Elf:1    | Got Cenui's Book of Beckoning
 66968 | Elf:2    | Noticed Asterion
 67003 | Elf:2    | Killed Asterion
 68025 | Elf:2    | Found a runed translucent gate.
 68025 | Elf:2    | Found a runed translucent gate.
 68026 | Elf:2    | Found a runed translucent gate.
 68377 | Elf:2    | Noticed Azrael
 68390 | Elf:2    | Killed Azrael
 69672 | Elf:3    | Entered Level 3 of the Elven Halls
 69703 | Elf:3    | Reached XP level 23. HP: 214/214 MP: 4/33
 69744 | Elf:3    | Found a flickering gateway to a bazaar.
 69753 | Bazaar   | Entered a bazaar
 69876 | Bazaar   | Found Zootep's Jewellery Boutique.
 69898 | Bazaar   | Found Xufuy's Antique Armour Emporium.
 69919 | Bazaar   | Found Viatt's Book Boutique.
 69939 | Bazaar   | Found Dixul's Jewellery Shoppe.
 70768 | Elf:3    | Identified the +3 halberd of the Dwarven Hall {heavy,
                  | +Blink rCorr Int+5}
 71346 | Elf:3    | Identified the +6 hand axe "Ogre's Foe" {flame, rN+++ Int-2
                  | Dex+5}
 72408 | Elf:2    | Reached skill level 26 in Fighting
 72970 | Elf:3    | Identified the +0 plate armour of Pynygrem {rPois}
 73172 | Elf:3    | Identified the +11 arbalest of the Unliving {speed, rPois}
 73278 | Elf:3    | Identified the +1 cloak of Fedhas's Castigation {Int+2}
 73307 | Elf:3    | Got Sif Muna's Handbook of Hail
 73840 | Vaults:5 | Entered Level 5 of the Vaults
 74366 | Vaults:5 | Noticed an ancient lich
 74726 | Vaults:4 | Killed an ancient lich
 75255 | Vaults:5 | Reached XP level 24. HP: 209/225 MP: 6/33
 75542 | Vaults:5 | Noticed a golden dragon
 75867 | Vaults:5 | Killed a golden dragon
 75879 | Vaults:5 | Noticed a golden dragon
 75883 | Vaults:5 | Identified the +9 war axe of the Kidney {flame, Fly rF+
                  | Str+3 Int-2}
 76018 | Vaults:5 | Identified the ring of Pantheism {Fly Will+}
 76573 | Vaults:5 | Killed a golden dragon
 76764 | Vaults:5 | Identified the +3 leather armour of the Desolation of Salt
                  | {rPois Dex+2 Stlth-}
 76764 | Vaults:5 | Noticed Bai Suzhen
 76902 | Vaults:5 | Killed Bai Suzhen
 77112 | Vaults:5 | Got the Omnibus of Akashic Quicksand
 77873 | Vaults:5 | Got the Encyclopedia of Warped Kindling
 77894 | Vaults:5 | Identified the +0 leather armour "Ory Buo" {Int+3}
 77895 | Vaults:5 | Identified the +1 shortbow "Zuscherr" {antimagic, rElec
                  | rC+}
 78144 | Vaults:5 | Found Vetishiema's Book Shoppe.
 78320 | Vaults:5 | Got a silver rune of Zot
 78433 | Vaults:5 | Found Foweagri's General Store.
 78889 | Depths:1 | Entered Level 1 of the Depths
 78905 | Depths:1 | Found Ziroshelarch's Weapon Shop.
 78931 | Depths:1 | Found a glowing golden altar of the Shining One.
 79116 | Depths:1 | Found a shadowy altar of Dithmenos.
 79194 | Depths:1 | Found a one-way gate to the infinite horrors of the Abyss.
 79344 | Depths:1 | Found a gateway to Hell.
 79391 | Depths:1 | Found a one-way gate leading to the halls of Pandemonium.
 80164 | Depths:1 | Found a one-way gateway to a ziggurat.
 80519 | Depths:1 | Acquired the scarf of Plog {rC+ rF+, rElec Str+5 Int+4}
 81151 | Depths:2 | Found a hide-covered altar of Uskayaw.
 81220 | Depths:2 | Reached skill level 27 in Fighting
 81694 | Depths:2 | Identified the +1 ring mail of the Imp {-Tele rC+ Int+3}
 84053 | Depths:2 | Reached XP level 25. HP: 230/230 MP: 6/33
 84395 | Depths:3 | Found a radiant altar of Vehumet.
 84655 | Depths:3 | Found Fyth's Demolitions Depot.
 84657 | Depths:3 | Noticed Saint Roka
 84695 | Depths:3 | Killed Saint Roka
 85841 | Depths:3 | Noticed Mara
 85866 | Depths:3 | Killed Mara
 87404 | Depths:4 | Entered Level 4 of the Depths
 87718 | Depths:4 | Noticed Boris
 87726 | Depths:4 | Killed Boris
 88557 | Depths:4 | Noticed the Enchantress
 88570 | Depths:4 | Killed the Enchantress
 88771 | Depths:4 | Found a gate to the Realm of Zot.
 88842 | Depths:4 | Noticed Jory
 88856 | Depths:4 | Killed Jory
 89683 | Depths:4 | Reached XP level 26. HP: 242/242 MP: 3/33
 89875 | Depths:4 | Found a runed translucent door.
 89876 | Depths:4 | Noticed themarg's ghost (veteran MfSu)
 90515 | Depths:4 | Killed themarg's ghost
 91109 | Spider:3 | Killed Faecsedgh's ghost
 91154 | Spider:3 | Identified the +1 broad axe of Doubt {venom, *Rage rC+
                  | Int+3 Stlth+}
 91473 | Vaults:1 | Bought the ring of the Sky {rPois rN++ Str-4 Int+6} for 887
                  | gold pieces
 91767 | Zot:1    | Entered Level 1 of the Realm of Zot
 94221 | Zot:2    | Found the +4 dragonskin cloak
 94221 | Zot:2    | Noticed Tiamat
 94227 | Zot:1    | HP: 9/215 [Tiamat/+2 bardiche of venom (38)]
 94241 | Zot:1    | HP: 2/215 [Tiamat/+2 bardiche of venom (38)]
 94241 | Zot:1    | Mangled by Tiamat

Illustrated notes

Levels and vault maps discovered:
D:1:      amcnicky_arrival_abandoned_market, layout_loops_ring,
          dreamdust_ecumenical_altar_statues, corexii_item_surrounded_by_moat,
          minmay_pentomino_z2
D:2:      layout_basic, uniq_jessica
D:3:      layout_basic, mainiacjoe_overflow_boulevard, cheibrodos_worm_habitat,
          uniq_terence
D:4:      layout_cave_pools, mainiacjoe_overflow_small_starburst, serial_shops,
          kennysheep_mini_moat, shop_statue, nicolae_lakefront_shop,
          shop_statue, uniq_duvessa, uniq_menkaure
D:5:      layout_rooms, gammafunk_ghost_arena, st_stairs_4, uniq_grinder,
          uniq_ijyb, uniq_crazy_yiuf_cottage, uniq_edmund, uniq_prince_ribbit1
D:6:      layout_cave_pools, minitemple, serial_shops, shop_scrolls, shop,
          nicolae_shop_crystal, minmay_bent
D:7:      layout_basic, mainiacjoe_overflow_brackets,
          mainiacjoe_overflow_surrounded_room, minmay_temple_entry_glass
D:8:      layout_rooms, mainiacjoe_overflow_alcove_4, serial_park_tiny_pond,
          minmay_circle_x, uniq_gastronok, uniq_amaemon, uniq_psyche
D:9:      layout_basic, dpeg_lair_monsters, minivault_8, uniq_maurice
D:10:     layout_irregular_city, lemuel_round_altar, serial_shops,
          nicolae_shop_statue_plus, nicolae_trove_entry_path_of_doom,
          nicolae_transmutations_shop, chequers_serial_rivers_small_b,
          nicolae_take_the_stairs, chequers_hall_statues_wall_a, uniq_maggie
D:11:     layout_roguey, erik_orc_3, dreamdust_princess_bridge
D:12:     minmay_inner_zag, layout_cross, kennysheep_pointless_box
D:13:     minmay_elf_outpost, layout_loops_cross,
          lightli_vaults_fourway_checkpoint, uniq_josephine, uniq_kirke,
          uniq_erolcha
D:14:     layout_cave_pods, hangedman_abyss_or_decor_passed, serial_shops,
          shop_statue, special_room [special_room_orc],
          ebering_dispersal_statue_hall, uniq_jorgrun
D:15:     gammafunk_enter_depths_forms, layout_loops_cross,
          kennysheep_flooded_box, hangedman_decor_lopped
Temple:   nicolae_temple_panitentiary
Lair:1:   layout_roguey
Lair:2:   layout_hall_layers, spider_nest_entry_web_field
Lair:3:   minmay_guarded_unrand_snakebite, layout_misc_corridors,
          nicolae_swamp_entry_splash_gauntlet, nicolae_lair_grove_arrangements,
          grunt_megastairs_2, infiniplex_staircase_pool
Lair:4:   layout_misc_corridors
Lair:5:   guppyfry_lair_end_dragon, layout_regular_city, slime_entry_1,
          infiniplex_staircase_pool_2, serial_bayou_shore_b
Swamp:1:  layout_basic_swamp, ebering_ghost_inner_flame,
          evilmike_swamp_ruin_house_6
Swamp:2:  layout_basic_swamp, hangedman_swamp_ruin_wall, swamp_pool3,
          hangedman_swamp_lotus, uniq_donald
Swamp:3:  nicolae_swamp_secret_spriggan_hideout, layout_basic_swamp,
          nicolae_swamp_oxbows, uniq_roxanne, uniq_louise
Swamp:4:  swamp_old_school, layout_basic_swamp, uniq_aizul
Spider:1: layout_spider_delve, ebering_ghost_disaster_area,
          hangedman_spider_tarantella_strand
Spider:2: layout_spider_delve, gammafunk_ghost_cemetery,
          nicolae_spider_eight_legs
Spider:3: layout_chambers, gammafunk_ghost_mausoleum
Spider:4: grunt_spider_rune_circles
Orc:1:    layout_diamond_mine
Orc:2:    st_orc_elflike, layout_caves, uniq_urug
Elf:1:    eino_elf_arrival_shootout, layout_gridlike, serial_shops, shop_statue,
          minmay_elf_demonology, hangedman_elven_ridges,
          einodemon_crawler_minivault
Elf:2:    elven_hall_of_blades_hangedman_original
          [nicolae_blade_entry_area_security], layout_geoelf_diagonals,
          uniq_asterion, uniq_azrael
Elf:3:    nooodl_elf_gasket, layout_loops_ring, serial_shops, bzr_entry_islet
Vaults:1: nicolae_vaults_back_hallway, hangedman_vaults_capsules,
          v_alt_pattern_4, nicolae_vaults_triangles, vaults_dpeg_ring,
          nicolae_vaults_what_the_h, grunt_vaults_bifocal, v_misc_29,
          nicolae_vaults_little_squares_5, nicolae_vaults_three_branches,
          ontoclasm_vaults_loading_screen, layout_vaults_ring, serial_shops,
          nicolae_shop_trees
Vaults:2: grunt_vaults_funnel, v_misc_32, nicolae_vaults_specimen_jars,
          ontoclasm_vaults_misaligned, v_misc_10, grunt_vaults_hallway_long,
          dpeg_vaults_monster_box, v_misc_19, v_misc_9, layout_vaults_quadrants,
          serial_shops, shop
Vaults:3: hangedman_vaults_pinch, minmay_crypt_entry_nasty_monster,
          nicolae_vaults_ring_of_whatevers, vaults_room_fours, v_misc_26,
          vaults_room_door_hall, v_misc_8, grunt_vaults_focal, v_misc_5,
          nicolae_vaults_yaktaur_gun_rack, nicolae_vaults_little_squares_2,
          ontoclasm_vaults_pinch, layout_vaults_omnicross, serial_shops,
          nicolae_lakefront_shop, shop, nicolae_shop_hallway_plus
Vaults:4: nicolae_vaults_bisected_inception, v_pattern_1,
          hangedman_vaults_corner_blocks, kb_rosetta,
          hangedman_vaults_river_flow, vaults_room_fancy_cross,
          nicolae_vaults_network_quincunx
          [nicolae_vaults_network_quincunx_subvault,
          nicolae_vaults_network_quincunx_subvault,
          nicolae_vaults_network_quincunx_subvault,
          nicolae_vaults_network_quincunx_subvault,
          nicolae_vaults_network_quincunx_subvault], hangedman_vaults_trim,
          vaults_dpeg_spiral, v_misc_2, nicolae_vaults_ninety_degrees,
          v_alt_pattern_1, layout_vaults_omnibox, uniq_margery
Vaults:5: serial_shops, uniq_bai_suzhen
Depths:1: minmay_thinvault, layout_honeycomb, enter_ziggurat_f,
          grunt_pan_entry_spiral, serial_shops, shop, hangedman_coc_ice_floe,
          lemuel_tele_altar, abyss_entry_glasseish,
          chequers_serial_rivers_small_a, nicolae_dithmenos_shadow_blocks
Depths:2: nzn_winding_woodlands_small [nzn_winding_woodlands_5x15_longhouse,
          nzn_winding_woodlands_center_pierced_h,
          nzn_winding_woodlands_5x15_pool], layout_twisted_cross,
          nicolae_uskayaw_en_pointe, rand_demon_pan_entry_8, abyss_entry,
          hell_entry, hangedman_eye_storm, minmay_staircase_statues_hall_small
Depths:3: minmay_the_grid_plus_closed [minmay_the_grid_slots,
          minmay_the_grid_artifice, minmay_the_grid_broken_lines,
          minmay_the_grid_odd_star, minmay_the_grid_prize_inner_circle],
          layout_basic, abyss_entry, hell_entry, nicolae_blasting_shop,
          nicolae_vehumet_radiance, serial_bayou_shore_a, uniq_saint_roka,
          uniq_mara
Depths:4: grunt_x_marks_the_spot, layout_basic, serial_glass, glass_columns_a,
          glass_columns_a, feat_on_display, feat_on_display,
          due_unseen_surprise, minmay_strange_pillars, gammafunk_ghost_grave,
          pf_vacation_house_of_asmodeus, amcnicky_mini_pool_small, uniq_jory,
          uniq_enchantress, uniq_boris, uniq_josephina
Zot:1:    kennysheep_ambush_hall, layout_gridlike
Zot:2:    layout_misc_corridors, uniq_tiamat

Skill      XL: |  1  2  3  4  5  6  7  8  9 10 11 12 13 14 15 16 17 18 19 20 21 22 23 24 25 26 |
---------------+-------------------------------------------------------------------------------+-----
Fighting       | 4 5 6 8 10 12 14 16 18 20 22 25 26 27 | 27.0
Armour         | 4 9 12 16 20 22 23 24 26 | 26.7
Maces & Flails | 3 4 5 7 9 11 12 14 15 16 17 19 20 21 22 23 24 | 24.5
Shields        | 5 10 12 | 12.0
Spellcasting   | 3 5 7 |  7.0

Action                     |  1- 3 |  4- 6 |  7- 9 | 10-12 | 13-15 | 16-18 | 19-21 | 22-24 | 25-27 || total
---------------------------+-------+-------+-------+-------+-------+-------+-------+-------+-------++-------
  Melee: Flail             |    91 |   171 |   308 |   462 |       |       |       |       |       ||  1032
         Eveningstar       |       |       |       |   175 |   816 |  1005 |  1087 |   882 |       ||  3965
         Great mace        |       |       |       |       |       |       |       |   138 |   564 ||   702
   Fire: Greatsling        |       |       |       |       |       |       |     4 |       |       ||     4
 Invoke: Sacrifice Artific |       |       |       |     1 |       |       |       |       |       ||     1
         Reject Sacrifices |       |       |       |       |     1 |       |       |       |       ||     1
         Sacrifice Resista |       |       |       |       |     1 |       |       |       |       ||     1
         Sacrifice Purity  |       |       |       |       |     1 |       |       |       |       ||     1
         Sacrifice Words   |       |       |       |       |       |     1 |       |       |       ||     1
         Sacrifice Stealth |       |       |       |       |       |     1 |       |       |       ||     1
         Apocalypse        |       |       |       |       |       |       |       |     1 |     1 ||     2
Ability: Dig               |       |     1 |       |       |       |     4 |     1 |     1 |       ||     7
         Shaft Self        |       |       |       |     1 |       |       |       |       |       ||     1
    Use: Scroll            |       |       |       |    25 |     5 |     3 |       |     7 |     3 ||    43
         Potion            |       |       |       |       |       |     2 |     1 |     1 |    18 ||    22
   Stab: Invisible         |       |       |       |       |     1 |     2 |     5 |     5 |     4 ||    17
         Distracted        |       |       |       |       |       |     6 |     1 |     7 |     3 ||    17
         Paralysed         |       |       |       |       |       |       |     1 |     5 |     2 ||     8
 Armour: Scale mail        |    47 |    40 |   203 |   297 |    81 |       |       |       |       ||   668
         Chain mail        |       |    70 |       |       |       |       |       |       |       ||    70
         Skin              |       |       |       |     8 |       |       |       |       |       ||     8
         Crystal plate arm |       |       |       |       |   366 |   586 |   737 |   599 |   416 ||  2704
  Dodge: Dodged            |    38 |    59 |   130 |   255 |   185 |   189 |   199 |   137 |   144 ||  1336
  Block: Buckler           |    27 |    42 |    96 |   139 |   373 |   495 |   540 |   121 |       ||  1833
         Kite shield       |       |       |       |       |       |       |       |   391 |   338 ||   729
         Reflection        |       |       |       |       |       |       |       |    42 |     4 ||    46

Table legend: (Time is in decaauts)
 A = Elapsed time spent in this place.
 B = Non-inter-level travel time spent in this place.
 C = Inter-level travel time spent in this place.
 D = Time resting spent in this place.
 E = Time spent auto-exploring this place.
 F = Levels seen in this place.
 G = Mean time per level.
                   A        B        C        D        E       F      G
               +--------+--------+--------+--------+--------+-----+--------+
         Total |  93557 |  87901 |   5656 |  18063 |  56964 |  47 | 1990.6 |
       Dungeon |  23349 |  20956 |   2393 |   4555 |  12290 |  15 | 1556.6 |
        Temple |    212 |    197 |     15 |      0 |    175 |   1 |  212.0 |
          Lair |   8837 |   7928 |    909 |   1102 |   5914 |   5 | 1767.4 |
         Swamp |   8444 |   8189 |    255 |    647 |   6546 |   4 | 2111.0 |
   Spider Nest |   9549 |   9130 |    419 |   1761 |   5974 |   4 | 2387.2 |
  Orcish Mines |   2657 |   2476 |    181 |    535 |   1592 |   2 | 1328.5 |
   Elven Halls |   8305 |   8153 |    152 |   2319 |   4539 |   3 | 2768.3 |
        Vaults |  17471 |  16519 |    952 |   4907 |   9726 |   5 | 3494.2 |
        Depths |  12149 |  11793 |    356 |   1799 |   8572 |   4 | 3037.2 |
           Zot |   2234 |   2213 |     21 |    437 |   1432 |   2 | 1117.0 |
        Bazaar |    222 |    222 |      0 |      0 |    203 |   1 |  222.0 |
         Trove |    122 |    122 |      0 |      0 |      0 |   1 |  122.0 |
               +--------+--------+--------+--------+--------+-----+--------+

Top non-repeatable levels by time:
Vaults:4: 6298 daAuts
   Elf:2: 4787 daAuts
Depths:4: 3545 daAuts
Spider:3: 3485 daAuts
Vaults:1: 3420 daAuts
Depths:2: 3301 daAuts
Depths:3: 3143 daAuts
Vaults:2: 2947 daAuts
 Swamp:3: 2793 daAuts
Vaults:3: 2758 daAuts
  Lair:5: 2710 daAuts
  Lair:3: 2474 daAuts
Spider:1: 2464 daAuts
    D:13: 2429 daAuts
Spider:4: 2421 daAuts
